[Event "Early-Titled-Tuesday-Blitz-January-30-2024"]
[Site "Chess.com"]
[Date "2024.01.30"]
[Round "2"]
[White "Rosh1610"]
[Black "Practical-Play"]
[Result "0-1"]
[WhiteElo "2367"]
[BlackElo "2604"]
[TimeControl "180+1"]
[EndTime "8:19:26 PST"]
[Termination "Practical-Play won on time"]

1. e3 f5 2. d4 Nf6 3. Nf3 e6 4. Bd3 b6 5. b3 Bb7 6. c4 Be7 7. Nbd2 O-O 8. O-O d6 9. Bb2 Qe8 10. Qc2 Qg6 11. d5 Na6 12. Nd4 Nb4 13. Qc3 Nfxd5 14.
cxd5 Nxd5 15. Be4 Nxc3 16. Bxb7 Nd5 17. Bxa8 Rxa8 18. Nc6 Bf6 19. Bxf6 Qxf6 20. Nf3 g5 21. Rfd1 Nc3 22. Re1 e5 23. a4 g4 24. Nd2 f4 25. Rac1 Nd5 26. e4 Ne7 27. Nxe7+ Qxe7 28. f3 Rf8 29. Rc6 gxf3 30. Nxf3 Rf7 31. Rec1 Qd8 32.
R1c2 Re7 33. b4 d5 34. exd5 Qxd5 35. Rxc7 Rxc7 36. Rxc7 Qd1+ 37. Kf2 e4 0-1

[Event "Early-Titled-Tuesday-Blitz-January-30-2024"]
[Site "Chess.com"]
[Date "2024.01.30"]
[Round "2"]
[White "sjoerd893"]
[Black "AustinThomas12345"]
[Result "0-1"]
[WhiteElo "2490"]
[BlackElo "2508"]
[TimeControl "180+1"]
[EndTime "8:19:27 PST"]
[Termination "AustinThomas12345 won by resignation"]

1. e4 c5 2. Nf3 g6 3. c4 Bg7 4. d4 cxd4 5. Nxd4 Nc6 6. Be3 Nf6 7. Nc3 O-O 8. Be2 d6 9. O-O Bd7 10. Qd2 Nxd4 11. Bxd4 Bc6 12. f3 Nd7 13. Be3 a5 14. b3 Nc5 15. Rab1 Qb6 16. Rfc1 Qb4 17. Qe1 Rfc8 18. Bf1 Rab8 19. g3 Ra8 20. Rc2 a4 21. a3 Qxa3 22. b4 Nb3 23. b5 Bd7 24. Nd5 Kf8 25. Nb6 Be6 26. Nxa8 Rxa8 27. h4 Nd4 28. Rf2 Qc5 29. Qb4 Qxb4 30. Rxb4 a3 31. Ra2 Nxf3+ 32. Kf2 Ne5 33. Bc1 Ng4+ 34. Kg2 Bd4 35. Be2 Ne5 36. Rxa3 Rxa3 37. Bxa3 Bc5 38. Ra4 Bxa3 39. Rxa3 Bxc4 40. Bxc4 Nxc4 41. Rc3 Na5 42.
Rc8+ Kg7 43. Rc7 Kf6 44. Kf3 b6 45. Ke3 Ke6 46. Kd3 Nb3 47. Rc6 Nc5+ 48. Kd4 Nd7 49. Rc7 h5 50. Rb7 f5 51. Ke3 fxe4 52. Kxe4 Nc5+ 53.
Kf4 Nxb7 54. Kg5 Kf7 0-1

[Event "Early-Titled-Tuesday-Blitz-January-30-2024"]
[Site "Chess.com"]
[Date "2024.01.30"]
[Round "2"]
[White "Snegokhod"]
[Black "Matibar"]
[Result "1/2-1/2"]
[WhiteElo "2559"]
[BlackElo "2797"]
[TimeControl "180+1"]
[EndTime "8:19:28 PST"]
[Termination "Game drawn by stalemate"]

1. b3 e5 2. Bb2 d6 3. g3 Nc6 4. Bg2 g6 5. e3 Bg7 6. Ne2 h5 7. h3 f5 8. h4 Nf6 9. d3 O-O 10. Nd2 d5 11. Nf3 Qe7 12. a3 a5 13. c4 Rd8 14. Qc2 e4 15. dxe4 dxe4 16. Ng5 Ne5 17. O-O Nd3 18. Bc3 Ng4 19. Nf4 Nxf4 20. gxf4 Be6 21.
Bxg7 Kxg7 22. Rfd1 b6 23. Rxd8 Rxd8 24. Rd1 Bg8 25.
Rxd8 Qxd8 26. c5 Qd3 27. Qb2+ Kf8 28. cxb6 cxb6 29. b4 Bc4 30. Qh8+ Ke7 31. Qg7+ Kd6 32. Qxg6+ Kc7 33. Qg7+ Kb8 34. Qa1 Qd2 35. Nh3 axb4 36. axb4 Qxb4 37. f3 Nxe3 38. fxe4 Qc5 39. Qe5+ Qxe5 40.
fxe5 Nxg2 41. Kxg2 fxe4 42. Kf2 b5 43. Ke3 b4 44. Nf2 Bd5 45. Nxe4 Bxe4 46. Kxe4 Kc7 47. Kd4 Kd7 48. Kc4 Ke6 49. Kxb4 Kxe5 50. Kc3 Kf4 51.
Kd2 Kg3 52. Ke2 Kxh4 53. Kf1 Kg3 54. Kg1 h4 55. Kh1 h3 56. Kg1 h2+ 57. Kh1 Kh3 1/2-1/2

[Event "Early-Titled-Tuesday-Blitz-January-30-2024"]
[Site "Chess.com"]
[Date "2024.01.30"]
[Round "2"]
[White "KorolDimitriy75"]
[Black "ketster"]
[Result "0-1"]
[WhiteElo "2353"]
[BlackElo "2583"]
[TimeControl "180+1"]
[EndTime "8:19:28 PST"]
[Termination "ketster won by checkmate"]

1. d4 d5 2. c4 e5 3. Nc3 dxc4 4. Nf3 exd4 5. Qxd4 Nc6 6. Qxd8+ Nxd8 7. e4 Bb4 8.
Bxc4 Be6 9. Bxe6 Nxe6 10. Be3 Nf6 11. Nd2 Ng4 12. Nf1 O-O-O 13. f3 Ne5 14. Ke2 Nc4 15. Rb1 Nxb2 16. Nd5 Ba3 17. Nd2 c6 18. Nf4 Nd4+ 19. Bxd4 Rxd4 20. Rhc1 Rhd8 21. Rc2 Na4 22. Nc4 Be7 23.
Na5 Nb6 24. Rb3 g5 25. Nh3 Bb4 26. Nxc6 bxc6 27. Nxg5 c5 28. Nxf7 R8d7 29. Ne5 R7d6 30. Nf7 Rf6 31. Ng5 Rg6 32. h4 h6 33. Nh3 Rxg2+ 34.
Ke3 Rxc2 35. Nf4 Rxa2 36. Ne6 Nc4+ 37. Kf4 Rd6 38. Kf5 Ra3 39. Rb1 Rxf3+ 40. Kg4 Rf2 41. Nf4 Ne5+ 42. Kg3 Rfd2 43. Re1 Rf6 44. Nh5 Rf3# 0-1

[Event "Early-Titled-Tuesday-Blitz-January-30-2024"]
[Site "Chess.com"]
[Date "2024.01.30"]
[Round "2"]
[White "Yushko_Olga"]
[Black "verrbaa"]
[Result "1/2-1/2"]
[WhiteElo "2155"]
[BlackElo "2480"]
[TimeControl "180+1"]
[EndTime "8:19:28 PST"]
[Termination "Game drawn by repetition"]

1. d4 Nf6 2. c4 g6 3. Nf3 Bg7 4. Nc3 d5 5. cxd5 Nxd5 6. Bd2 O-O 7. e4 Nb6 8. Be3 c6 9. Be2 Be6 10. O-O Nc4 11. Bxc4 Bxc4 12. Re1 Nd7 13. b3 Ba6 14. Qc2 Rc8 15. Na4 e5 16. Nc5 exd4 17. Nxd4 Nxc5 18.
Qxc5 b6 19. Qa3 Bxd4 20. Bxd4 Qxd4 21. Qxa6 Rc7 22. Rad1 Qe5 23. Qc4 Re8 24. f3 h5 25.
Re2 h4 26. h3 Qf4 27. Red2 Re5 28. Rd8+ Kg7 29. Qd4 Re7 30. Qd6 Qe3+ 31. Kh1 Qf2 32. Qxc6 Rg5 33. Qc3+ Ree5 34. R8d2 Qg3 35. Re2 Qf4 36. Rd5 Kh7 37. Rxe5 Rxe5 38. Rd2 Rc5 39. Qb2 Qg3 40. Rd1 Qf4 41. Qd2 Qg3 42. Qd7 Kg7 43.
Qd4+ Kh7 44. Qd7 Kg7 45. Qd4+ Kh7 46. Qd7 1/2-1/2

[Event "Early-Titled-Tuesday-Blitz-January-30-2024"]
[Site "Chess.com"]
[Date "2024.01.30"]
[Round "2"]
[White "Savagelittlemole"]
[Black "Darkbluelord"]
[Result "1-0"]
[WhiteElo "2471"]
[BlackElo "2127"]
[TimeControl "180+1"]
[EndTime "8:19:29 PST"]
[Termination "Savagelittlemole won by resignation"]

1. e4 c5 2. Ne2 Nc6 3. g3 g6 4.
Bg2 Bg7 5. O-O d6 6. c3 Nf6 7. d4 O-O 8. h3 Rb8 9. Be3 cxd4 10. cxd4 Nd7 11. Nbc3 a6 12. Rc1 Na5 13. b3 b5 14. Nd5 e6 15. Nb4 Bb7 16. d5 exd5 17. exd5 Rc8 18. Qd2 Nc5 19. Nd4 Re8 20. Ndc6 Bxc6 21.
dxc6 Ne4 22. Qd3 f5 23. Rfd1 Bb2 24. Rc2 Bf6 25. Bxe4 Rxe4 26. Qxd6 Qxd6 27. Rxd6 Be7 28. Bc5 Bxd6 29. Bxd6 Rd4 30. Bc5 Rd1+ 31. Kg2 Nxc6 32.
Be3 Ne7 33. Re2 Nd5 34. Nxd5 Rxd5 35. Bh6 Rd7 36. Re6 Ra8 37. h4 Kf7 38. Rb6 Rad8 39.
Rxa6 Rd6 40. Ra5 R8d7 41. Rxb5 Rd5 42. Rb8 f4 43. Bxf4 Rd1 44. a4 Rb1 45. a5 Rdd1 46.
a6 Rg1+ 47. Kf3 Ra1 48. Rb7+ Ke6 49. a7 Rgb1 50. Be3 Ra6 51. b4 Rba1 52. b5 R6a3 53.
b6 Ra6 54. Rb8 Kd6 55. b7 Rxa7 56. Bxa7 Rxa7 57. Rd8+ Ke7 58. b8=Q Ra3+ 59. Kg2 1-0

[Event "Early-Titled-Tuesday-Blitz-January-30-2024"]
[Site "Chess.com"]
[Date "2024.01.30"]
[Round "2"]
[White "Ramosha"]
[Black "BocharovD"]
[Result "0-1"]
[WhiteElo "2565"]
[BlackElo "2841"]
[TimeControl "180+1"]
[EndTime "8:19:30 PST"]
[Termination "BocharovD won by resignation"]

1. e4 c5 2. Nf3 d6 3. Bb5+ Nd7 4. d4 cxd4 5. Qxd4 a6 6. Bxd7+ Bxd7 7. c4 Rc8 8. O-O e5 9. Qd3 b5 10. b3 h6 11. Be3 Nf6 12. Nc3 Qa5 13. Rfd1 Be7 14. Rac1 O-O 15. h3 Rc7 16. Bd2 Qb6 17. Be3 Qb7 18.
cxb5 axb5 19. Ne2 Rxc1 20. Rxc1 Nxe4 21. a4 Ra8 22. Ra1 bxa4 23. bxa4 Rxa4 24. Rb1 Rb4 25. Ra1 Bf5 26. Ra7 Rb1+ 27. Kh2 Nxf2 28. Rxb7 Bxd3 29.
Rxb1 Bxb1 30. Bxf2 Be4 31. Nd2 Bc6 32. g4 g6 33. Nc3 f5 34. gxf5 gxf5 35. Nc4 Kf7 36.
Be3 f4 37. Bd2 Ke6 38. Kg1 d5 39. Nb2 d4 40. Ncd1 h5 41. Nf2 Bd5 42. Nbd3 Kf5 43.
h4 Bxh4 44. Nb4 Bb7 45. Nfd3 Bf6 46. Nc2 Be4 47. Nde1 Bxc2 48. Nxc2 e4 49. Ba5 d3 50. Nb4 d2 0-1

[Event "Early-Titled-Tuesday-Blitz-January-30-2024"]
[Site "Chess.com"]
[Date "2024.01.30"]
[Round "2"]
[White "RobertoJBM"]
[Black "tetrix83"]
[Result "1-0"]
[WhiteElo "2825"]
[BlackElo "2563"]
[TimeControl "180+1"]
[EndTime "8:19:30 PST"]
[Termination "RobertoJBM won on time"]

1. d4 Nf6 2. Nf3 g6 3. e3 Bg7 4. Be2 O-O 5. O-O d6 6. c4 Nbd7 7. Nc3 e5 8. b3 Re8 9. Bb2 e4 10.
Nd2 Nf8 11. Qc2 Qe7 12. Rae1 h5 13. Qb1 Bf5 14. Bd1 h4 15. Bc2 h3 16. g3 N8h7 17. f3 Ng5 18. g4 Bd7 19. Ndxe4 Nfxe4 20. Nxe4 Nxe4 21. Bxe4 c6 22. Bd3 Qg5 23. Re2 Rxe3 24. Bc1 Bxd4 25. Bxe3 Bxe3+ 26. Kh1 d5 27. Qe1 d4 28.
Qg3 Qh6 29. f4 a5 30. f5 g5 31. c5 Re8 32. Rf3 Qf8 33. Rc2 Bf4 34. Qxh3 Re1+ 35. Kg2 Qe7 36. f6 Qxf6 37. Rcf2 Be6 38. Bc4 Bxc4 39. bxc4 Re3 40. Rxe3 dxe3 41. Qxe3 Kg7 42. Qe4 Qc3 43. a4 Qb3 44. Qd4+ Kh7 45. Re2 Qb1 46. Qe4+ Qxe4+ 47. Rxe4 Kg6 48. Re7 Kf6 49. Rxb7 1-0

[Event "Early-Titled-Tuesday-Blitz-January-30-2024"]
[Site "Chess.com"]
[Date "2024.01.30"]
[Round "2"]
[White "manitodeplomo"]
[Black "AlexLongson"]
[Result "1-0"]
[WhiteElo "2694"]
[BlackElo "2390"]
[TimeControl "180+1"]
[EndTime "8:19:31 PST"]
[Termination "manitodeplomo won on time"]

1. d4 d5 2. c4 e6 3. Nf3 Nf6 4. Nc3 c6 5. Bg5 Nbd7 6. e3 Qa5 7.
Nd2 Bb4 8. Qc2 Ne4 9. Ndxe4 dxe4 10. Bh4 b6 11. Be2 Bxc3+ 12. bxc3 Ba6 13. O-O f5 14. f3 exf3 15. gxf3 O-O 16. e4 c5 17. e5 Rf7 18.
f4 Rc8 19. d5 Nf8 20. d6 Bb7 21. Bg3 Nd7 22. a4 Be4 23. Qb3 Nb8 24. Kf2 Nc6 25.
Rfc1 Rd7 26. Qb5 h6 27. h4 Kf7 28. h5 Rg8 29. Bh4 Rc8 30. Ke3 Rb8 31. Bd3 Bxd3 32.
Kxd3 a6 33. Qb2 b5 34. axb5 Qb6 35. Rcb1 Na5 36. Qa2 Qb7 37. Qxa5 Qe4+ 38. Kd2 Qg2+ 39. Kc1 axb5 40. Rxb5 Qf1+ 41. Kb2 Qe2+ 42. Kb3 Rbd8 43. Qa2 Qe4 44. Qd2 1-0

[Event "Early-Titled-Tuesday-Blitz-January-30-2024"]
[Site "Chess.com"]
[Date "2024.01.30"]
[Round "2"]
[White "RamonManon0g"]
[Black "AradNazari"]
[Result "0-1"]
[WhiteElo "2390"]
[BlackElo "2693"]
[TimeControl "180+1"]
[EndTime "8:19:32 PST"]
[Termination "AradNazari won on time"]

1. e4 c5 2. Nf3 d6 3. Bb5+ Nd7 4. a4 a6 5. Bc4 Ngf6 6. Nc3 e6 7. a5 Be7 8. O-O O-O 9. d4 cxd4 10. Qxd4 Qc7 11. Bg5 h6 12. Bh4 b5 13. axb6 Nxb6 14. Bb3 Bb7 15.
Rfd1 Rfc8 16. h3 Nc4 17. Bxc4 Qxc4 18. Qb6 Rab8 19. Rd4 Qc6 20. Qxc6 Rxc6 21. e5 dxe5 22. Nxe5 Rb6 23. Nd7 Nxd7 24. Bxe7 Bc8 25. Na4 Rc6 26.
Rad1 Rb7 27. c3 f6 28. Ba3 Kf7 29. Rd6 Ne5 30. Rd8 Nc4 31. Rf8+ Kg6 32. Rdd8 Rbc7 33. Bb4 a5 34. Ba3 Nxa3 35. bxa3 Ba6 36. Ra8 Rd6 37. Kh2 Rc4 38. Nb2 Rxc3 39. Rfb8 Rxa3 40. Ra7 Ra2 41. h4 h5 42. Kg3 a4 43. Rg8 Rxb2 44. Raxg7+ Kf5 45. f3 Bf1 0-1

[Event "Early-Titled-Tuesday-Blitz-January-30-2024"]
[Site "Chess.com"]
[Date "2024.01.30"]
[Round "2"]
[White "thesupera12"]
[Black "publicaccountcze"]
[Result "1-0"]
[WhiteElo "2539"]
[BlackElo "2302"]
[TimeControl "180+1"]
[EndTime "8:19:32 PST"]
[Termination "thesupera12 won on time"]

1. d4 Nf6 2. Bg5 e6 3. Nf3 d5 4. e3 Be7 5. c4 O-O 6. Nc3 c6 7. Rc1 dxc4 8. Bxc4 b5 9. Bd3 Bb7 10. O-O a6 11. Bxf6 Bxf6 12. Ne4 Be7 13. Nc5 Bxc5 14. Rxc5 Nd7 15. Rc3 b4 16. Rc4 a5 17. Qc2 Qb6 18.
Bxh7+ Kh8 19. Qe4 g6 20. Bxg6 fxg6 21. Qxg6 Rf6 22. Qh5+ Kg7 23. d5 cxd5 24. Rg4+ Kf8 25. Qh7 Rf7 26. Qh6+ Ke7 27. Ng5 Raf8 28. Nxf7 Rxf7 29.
Rg7 Qc6 30. Rxf7+ Kxf7 31. Qh7+ Kf8 32. f3 Nf6 33. Qh8+ Kf7 34. h4 Qc5 35. Qh6 d4 36.
exd4 Qxd4+ 37. Kh2 Qe5+ 38. Kh1 Qg3 39. Qg5 Nh5 40.
Kg1 Qxg5 41. hxg5 Kg6 42. Rc1 Kxg5 43. Rc5+ Kg6 44. Rxa5 Bd5 45. b3 Nf4 46. Kh2 Nd3 47. Kg3 Nc1 48. Ra4 Kf5 49. Rxb4 Nxa2 50. Rb8 Nc1 51. b4 Ne2+ 52. Kf2 Nf4 53. g3 1-0

[Event "Early-Titled-Tuesday-Blitz-January-30-2024"]
[Site "Chess.com"]
[Date "2024.01.30"]
[Round "2"]
[White "hakanazeri2"]
[Black "Rsnr"]
[Result "1-0"]
[WhiteElo "2589"]
[BlackElo "2843"]
[TimeControl "180+1"]
[EndTime "8:19:33 PST"]
[Termination "hakanazeri2 won on time"]

1. Nf3 d5 2. d4 Nf6 3. c4 c6 4. Nc3 dxc4 5. a4 Bf5 6. Ne5 Nbd7 7. Nxc4 Qc7 8. g3 e5 9. dxe5 Nxe5 10. Bf4 Nfd7 11.
Bg2 g5 12. Ne3 gxf4 13. Nxf5 O-O-O 14. Qc2 Nc5 15. O-O fxg3 16. hxg3 a5 17. Rad1 h5 18. Rxd8+ Qxd8 19. Rd1 Qf6 20. Ne4 Nxe4 21. Qxe4 Bc5 22. Qf4 Kb8 23. e3 Ka7 24. Qe4 Rg8 25. Qc2 Bb4 26. f4 Ng4 27. Rd7 Kb8 28. Nd6 Qxd6 29. Rxd6 Bxd6 30. Qb3 Rc8 31. Bh3 f5 32. Bxg4 fxg4 33.
Kg2 Re8 34. Qd3 Bc5 35. e4 Kc7 36. e5 Rd8 37. Qc2 Be3 38. Qh7+ Kb6 39. Qxh5 Rd2+ 40. Kf1 Rf2+ 41. Ke1 Rxb2 42. e6 Bc5 43. Qxg4 Rb1+ 44. Ke2 Rb2+ 45. Kf3 Kc7 46. Qg7+ Kb6 47. Qxb2+ 1-0

[Event "Early-Titled-Tuesday-Blitz-January-30-2024"]
[Site "Chess.com"]
[Date "2024.01.30"]
[Round "2"]
[White "arnash_bauyrzhan"]
[Black "whitemirrorninja"]
[Result "0-1"]
[WhiteElo "2201"]
[BlackElo "2504"]
[TimeControl "180+1"]
[EndTime "8:19:33 PST"]
[Termination "whitemirrorninja won on time"]

1. e4 c5 2. Nf3 e6 3. d4 cxd4 4. Nxd4 a6 5. Bd3 Bc5 6. Nb3 Ba7 7. O-O Nc6 8. Qe2 Nge7 9. Be3 Bxe3 10. Qxe3 O-O 11. c4 d5 12. cxd5 exd5 13. e5 f5 14. exf6 Rxf6 15. N1d2 Bf5 16. Bxf5 Nxf5 17. Qh3 Qf8 18.
Rad1 Rd8 19. Qc3 d4 20. Qc5 Qf7 21. Qc4 Re6 22. Nc5 Re7 23. Qxf7+ Kxf7 24. Nf3 h6 25. Nd3 g5 26. Rfe1 Rde8 27. Rxe7+ Rxe7 28. Re1 Rxe1+ 29. Nfxe1 Ke6 30. Kf1 Kd5 31. Ke2 Nd6 32. Nc2 a5 33.
f4 g4 34. h3 gxh3 35. gxh3 Nf5 36. Nce1 b5 37. Nf2 a4 38. Nf3 b4 39. b3 a3 40. Nd3 Nd6 41. Nfe5 Nxe5 42. fxe5 Ne4 43.
Nxb4+ Kxe5 44. Nc2 Nc3+ 45. Kd3 Nxa2 46. Nxa3 Nb4+ 47. Kd2 d3 48. Nb5 Ke4 49. Nc3+ Kf3 50. Nb5 Kg3 51. Nd6 Kxh3 52. Ne4 Kg2 53. Kc3 h5 54.
Kxb4 h4 55. Kc3 h3 56. Ng5 h2 0-1

[Event "Early-Titled-Tuesday-Blitz-January-30-2024"]
[Site "Chess.com"]
[Date "2024.01.30"]
[Round "2"]
[White "SmirnovAlexandrA"]
[Black "Alexander_Donchenko"]
[Result "0-1"]
[WhiteElo "2604"]
[BlackElo "2942"]
[TimeControl "180+1"]
[EndTime "8:19:34 PST"]
[Termination "Alexander_Donchenko won by checkmate"]

1. e4 c6 2. d4 d5 3. e5 Bf5 4.
Nf3 e6 5. Be2 Ne7 6. O-O h6 7.
Nbd2 Nd7 8. a4 g5 9. a5 a6 10. b4 Ng6 11. c3 Nf4 12. Nb3 Nxe2+ 13. Qxe2 Bg7 14. Ne1 Qc7 15. Nd3 f6 16. exf6 Bxf6 17. Nbc5 Nxc5 18. Nxc5 O-O-O 19. f4 Rde8 20. Nd3 Be4 21.
Ne5 Bxe5 22. fxe5 Qh7 23. Rf6 Rhf8 24. Qf2 Rxf6 25. Qxf6 Re7 26. Be3 Kd7 27. Qf2 Rf7 28. Qg3 Bd3 29. h4 gxh4 30. Qxh4 h5 31. Re1 Rg7 32. g3 Rg4 33. Qh2 h4 34. Bf2 Qf5 35.
Re3 Kc7 36. Kh1 Be4+ 37. Kg1 Kb8 38. Kf1 Bd3+ 39. Ke1 Bc4 40. Kd2 Qb1 41. Qg1 Qb2+ 42. Kd1 Bb3+ 43. Ke1 Bc4 44. Kd1 h3 45. Ke1 Qc1# 0-1

[Event "Early-Titled-Tuesday-Blitz-January-30-2024"]
[Site "Chess.com"]
[Date "2024.01.30"]
[Round "2"]
[White "cristianserban1"]
[Black "artin10862"]
[Result "0-1"]
[WhiteElo "2571"]
[BlackElo "2858"]
[TimeControl "180+1"]
[EndTime "8:19:34 PST"]
[Termination "artin10862 won by resignation"]

1. Nf3 b6 2. b3 Nf6 3. Bb2 g6 4. g3 Bb7 5. Bg2 Bg7 6. O-O O-O 7. c4 d6 8. d4 Nbd7 9. Nc3 Re8 10. Qc2 e5 11. dxe5 dxe5 12. Rad1 Qe7 13. Nb5 Rec8 14. Ba3 Qe8 15. Nc3 h6 16. Nd2 Bxg2 17. Kxg2 Bf8 18.
Bxf8 Qxf8 19. Nde4 Kg7 20. Nxf6 Nxf6 21. Ne4 Ne8 22.
c5 Rd8 23. Qc3 Qe7 24. f4 f6 25. fxe5 Qxe5 26. Qxe5 fxe5 27. h4 b5 28. g4 c6 29.
g5 hxg5 30. hxg5 Nc7 31. Rd6 Nd5 32. Kg1 Rxd6 33. cxd6 Nb6 34. Rc1 Rc8 35. Nf6 Kf7 36. d7 Rd8 37. Rxc6 Nxd7 38. Rd6 Ke7 39. Rxd7+ Rxd7 40. Nxd7 Kxd7 41. Kf2 Kd6 42. e4 Kc5 43. Ke3 Kb4 44.
Kd3 Ka3 45. Kc2 Kxa2 46. b4 Ka3 47. Kc3 a6 0-1

[Event "Early-Titled-Tuesday-Blitz-January-30-2024"]
[Site "Chess.com"]
[Date "2024.01.30"]
[Round "2"]
[White "Iball95"]
[Black "AttilaTurzo"]
[Result "1-0"]
[WhiteElo "2783"]
[BlackElo "2509"]
[TimeControl "180+1"]
[EndTime "8:19:36 PST"]
[Termination "Iball95 won by resignation"]

1. e4 c5 2. Nf3 Nc6 3. Nc3 e5 4.
Bc4 Be7 5. d3 d6 6. h3 Nf6 7.
Nh2 O-O 8. Ng4 Be6 9. Ne3 a6 10. a4 Nd7 11. Ned5 Rc8 12. O-O Bg5 13. Be3 Kh8 14. Qh5 Bxe3 15. fxe3 Ne7 16. Rf2 Nb6 17.
Nxe7 Qxe7 18. b3 Rcd8 19. Raf1 f6 20. Kh2 d5 21. exd5 Nxd5 22. Bxd5 Bxd5 23. e4 Be6 24. Ne2 b5 25. axb5 axb5 26. Ng3 g6 27. Qe2 c4 28. dxc4 bxc4 29. bxc4 Rc8 30. Ra1 Rxc4 31. Ra6 Kg7 32. Qe3 Rfc8 33. Qb6 Bg8 34. Rxf6 Rxc2 35. Rf2 Rxf2 36. Qxf2 Kh8 37. Rf6 Kg7 38. Rb6 Rf8 39.
Qb2 Rf6 40. Rb7 Qxb7 41. Qxb7+ Bf7 42. Qc7 Re6 43. Nf1 Kf6 44. Ne3 h5 45. Nd5+ Kg7 46. h4 Re8 47. Qd6 Re6 48. Qd8 Re8 49. Qf6+ Kg8 50.
Ne7+ Kf8 51. Nxg6+ 1-0

[Event "Early-Titled-Tuesday-Blitz-January-30-2024"]
[Site "Chess.com"]
[Date "2024.01.30"]
[Round "2"]
[White "chessdjw"]
[Black "VomDingJetztHer"]
[Result "1-0"]
[WhiteElo "2746"]
[BlackElo "2406"]
[TimeControl "180+1"]
[EndTime "8:19:38 PST"]
[Termination "chessdjw won by checkmate"]

1. d4 d5 2. Nf3 Nf6 3. c4 e6 4. g3 Be7 5. Bg2 O-O 6. O-O dxc4 7. Qa4 a6 8. Qxc4 b5 9. Qc2 Bb7 10. Bd2 Be4 11. Qc1 c6 12. Rd1 Nbd7 13. Nc3 Bd5 14. Qc2 Bxf3 15. Bxf3 Rc8 16. a4 Qb6 17. Bf4 Rfd8 18. h4 Nd5 19. Nxd5 cxd5 20. Qb3 b4 21. a5 Qb5 22. e3 Nf6 23. Bg2 Bd6 24. Bf1 Qb7 25.
Rdc1 Bxf4 26. exf4 Ne4 27. Qd3 Rd6 28. Kg2 Rdc6 29.
Rxc6 Rxc6 30. Ra4 Rc4 31. Qd1 Rc8 32. Qb3 Rb8 33. Qd3 Qc6 34. Ra1 Ra8 35. Qd1 Nd6 36. Rc1 Qb7 37. Rc5 Ne4 38. Rc2 Nd6 39. Qc1 Nb5 40. Qd2 b3 41. Rc5 g6 42. Bxb5 axb5 43. Qb4 Qa6 44. Rxb5 Kg7 45. Qxb3 Rc8 46. Rc5 Rxc5 47.
dxc5 Qe2 48. Qc3+ Kh6 49. c6 Qe4+ 50. Kg1 Qb1+ 51. Kh2 Qf1 52. Qd2 Kh5 53. c7 Kg4 54.
c8=Q Qh3+ 55. Kg1 Kf3 56. Qd1+ Ke4 57. Qcc2# 1-0

[Event "Early-Titled-Tuesday-Blitz-January-30-2024"]
[Site "Chess.com"]
[Date "2024.01.30"]
[Round "2"]
[White "GoltsevDmitry2000"]
[Black "LiadCuba"]
[Result "0-1"]
[WhiteElo "2817"]
[BlackElo "2439"]
[TimeControl "180+1"]
[EndTime "8:19:38 PST"]
[Termination "LiadCuba won by resignation"]

1. e4 c5 2. Nf3 d6 3. d4 cxd4 4. Nxd4 Nf6 5. Nc3 a6 6. h3 e5 7. Nde2 Be6 8. g4 d5 9. exd5 Nxd5 10. Ng3 Nxc3 11. Qxd8+ Kxd8 12. bxc3 Bd5 13. Rg1 Nc6 14. Be3 Kc7 15. Bd3 Rd8 16. a4 Be7 17. Rb1 Rd7 18. Bf5 Be6 19. Bxe6 fxe6 20. Ne4 h6 21. Ke2 Rd5 22. c4 Nd4+ 23. Kf1 Rd7 24. c3 Nf3 25. Rg3 Rf8 26. Ke2 Nh4 27. Bb6+ Kc8 28. a5 Ng6 29. Be3 Nf4+ 30. Bxf4 Rxf4 31. f3 Rf8 32.
Rgg1 Rfd8 33. Rgd1 Rxd1 34. Rxd1 Rxd1 35. Kxd1 Bd8 36.
Nc5 Bxa5 37. Nxe6 Bxc3 38. Nxg7 e4 39. Nf5 exf3 40. Nxh6 a5 41. Nf5 a4 42. Kc2 f2 43.
Ng3 Be5 44. Nf1 Kd7 45. h4 Ke6 46. Ne3 Bd4 47. Nf1 Ke5 48. g5 Kf5 49. Nh2 Kg6 50. Kd3 a3 51. Kxd4 a2 52. Ke3 a1=Q 53. Kxf2 Qd4+ 54.
Kg3 Qxc4 55. Ng4 Qd3+ 56. Kf4 Qd4+ 57. Kg3 b5 58. Nh2 Kh5 59. Nf3 Qg4+ 60. Kf2 b4 61. Ke3 b3 62. Ne5 Qg3+ 63. Ke4 Qxe5+ 64. Kxe5 b2 65. g6 b1=Q 66. g7 Qb2+ 67. Ke6 Qxg7 68.
Kd5 Kxh4 0-1

[Event "Early-Titled-Tuesday-Blitz-January-30-2024"]
[Site "Chess.com"]
[Date "2024.01.30"]
[Round "2"]
[White "Pliukha_Mikhail"]
[Black "amanjazu"]
[Result "1-0"]
[WhiteElo "2760"]
[BlackElo "2401"]
[TimeControl "180+1"]
[EndTime "8:19:38 PST"]
[Termination "Pliukha_Mikhail won by resignation"]

1. e4 Nf6 2. e5 Nd5 3. d4 d6 4. c4 Nb6 5. Nf3 g6 6. Nc3 Bg7 7. exd6 cxd6 8. Be2 O-O 9. O-O Bg4 10. b3 Nc6 11. Be3 d5 12. c5 Nc8 13. h3 Bxf3 14. Bxf3 e6 15. a3 N8e7 16. b4 Nf5 17. Ne2 Qf6 18. Rc1 Nh4 19. Bg4 h5 20. Qd2 hxg4 21. Bg5 Nf3+ 22. gxf3 Qxf3 23. Qe3 Qxh3 24. Qxh3 gxh3 25.
Rfd1 f6 26. Be3 Kf7 27. Kh2 Rh8 28. Nf4 g5 29. Nd3 a6 30. a4 Ne7 31. Rb1 Nf5 32.
Rdc1 g4 33. Bf4 Nxd4 34. Bg3 e5 35. b5 axb5 36. axb5 Rhc8 37. Nb4 Ke6 38. c6 bxc6 39. b6 Rab8 40. Na6 Bf8 41. b7 Rd8 42. Rd1 Nf3+ 43. Kh1 Bd6 44. Rb6 Kd7 45. Rc1 f5 46. Rcxc6 Be7 47.
Rc7+ Ke8 48. Re6 f4 49. Rexe7+ Kf8 50. Rf7+ Kg8 51. Rfe7 fxg3 52. fxg3 d4 53. Nxb8 d3 54. Nd7 d2 55. Nf6+ 1-0

[Event "Early-Titled-Tuesday-Blitz-January-30-2024"]
[Site "Chess.com"]
[Date "2024.01.30"]
[Round "2"]
[White "Shushik"]
[Black "Louis-Paulsen-Fan"]
[Result "1-0"]
[WhiteElo "2519"]
[BlackElo "2246"]
[TimeControl "180+1"]
[EndTime "8:19:38 PST"]
[Termination "Shushik won on time"]

1. e4 Nf6 2. e5 Nd5 3. d4 d6 4.
c4 Nb6 5. exd6 cxd6 6. Nc3 g6 7. Be3 Bg7 8. Rc1 O-O 9. b3 e5 10. dxe5 dxe5 11. c5 N6d7 12. Bc4 Nc6 13. Nf3 h6 14.
O-O Kh7 15. Nd5 f5 16. g3 e4 17. Ne1 Nde5 18. Be2 Be6 19. Nf4 Bf7 20. Qc2 Nd4 21.
Bxd4 Qxd4 22. Neg2 Rfd8 23. Rfd1 Qb4 24. Ne3 Rxd1+ 25. Qxd1 Qa5 26. a4 Rd8 27. Nfd5 Bxd5 28. Nxd5 Nd3 29. b4 Qa6 30. Bxd3 exd3 31. b5 Qe6 32.
Nf4 Qe4 33. Qd2 g5 34. Ng2 Bd4 35. c6 bxc6 36. bxc6 Rc8 37. c7 Bb6 38. a5 Bxc7 39. Ne1 f4 40. Qxd3 Qxd3 41. Nxd3 Rd8 42.
Rxc7+ Kg6 43. Ne5+ Kf5 44. Nf7 Rd5 45. Nxh6+ Ke4 46. Kg2 f3+ 47. Kh3 Rxa5 48. Nf7 Kf5 49. Nd6+ 1-0

[Event "Early-Titled-Tuesday-Blitz-January-30-2024"]
[Site "Chess.com"]
[Date "2024.01.30"]
[Round "2"]
[White "EvilMorty23"]
[Black "Sajith_Peiris"]
[Result "1-0"]
[WhiteElo "2510"]
[BlackElo "2217"]
[TimeControl "180+1"]
[EndTime "8:19:38 PST"]
[Termination "EvilMorty23 won by resignation"]

1. e4 c6 2. d4 d5 3. e5 a6 4. c4 Bf5 5. Nc3 e6 6. h4 h5 7.
Nge2 Nd7 8. Ng3 Bg6 9. Be2 Be7 10. Nxh5 Bxh5 11. Bxh5 g6 12. Bf3 Nh6 13. cxd5 cxd5 14. h5 Nf5 15. g3 Qb6 16. Ne2 Bb4+ 17. Kf1 O-O-O 18. hxg6 fxg6 19. Bg5 Be7 20. Bxe7 Nxe7 21. Rxh8 Rxh8 22. Qc1+ Kb8 23. a3 Nc6 24. Qd2 Qd8 25. b4 Qf8 26. Bg2 Qe7 27. Nf4 Nf8 28. Qd3 g5 29. Ne2 Rh7 30. b5 axb5 31. Qxb5 Rf7 32.
Rb1 Nd8 33. a4 Ng6 34. Rb2 Qf8 35. Nc3 g4 36. a5 Qh8 37. a6 Qh6 38. Qe8 Qc1+ 39.
Ke2 Qxb2+ 40. Kd3 Rc7 41. Qxd8+ Rc8 42. a7+ Kxa7 43. Qxc8 Ne7 44. Qc5+ Ka8 45. Qxe7 Qxf2 46. Qe8+ Ka7 47. Qa4+ Kb8 48. Qc2 Qxg3+ 49. Kd2 Qxg2+ 50.
Ne2 Qf3 51. Qg6 g3 52. Qxg3 Qe4 53. Qg8+ Ka7 54. Qxe6 Qf3 55. Qd6 Qb3 56. Qc5+ Kb8 57.
e6 Qb2+ 58. Ke3 Qb1 59. Qxd5 Qe4+ 60. Qxe4 1-0